AoeStats
← Nougatspeier

Nomad

508064531Analyzed
3v3 RM · 13d ago on Sep 20, 2026· 56m 49s· 6 players
Game mode
Random Map
Map size
210×210
Population
200
Speed
Normal
Resources
Standard
Victory
Conquest
Starting age
Dark Age
Ending age
Imperial Age
RankedLock teamsTeams togetherTeam positionsShared explorationLock speedFull tech treeHidden civsTurbo modeCheats
Victory
Defeat
🇵🇪 Huns · Peru
838
+20
🇦🇷 Burgundians · Argentina
813
+21
🇦🇷 Britons · Argentina
759
+23
🇩🇪 Lithuanians · Germany
954
-22
🇩🇪 Britons · Germany
945
-72
🇩🇪 Huns · Germany
900
-20
jonathan_penia
11:53 Loom
15:46 Feudal Age
14:03 Loom
16:23 Man-at-Arms
18:51 Double-Bit Axe
18:50 Fishing Lines
28:34 Castle Age
27:58 Forging
29:01 Pikeman
34:13 Bow Saw
43:09 Imperial Age
42:50 Gillnets
46:08 Two-Man Saw
45:03 Gold Mining
45:03 Stone Mining
46:22 Bloodlines
52:54 Wheelbarrow
53:29 Thumb Ring
53:50 Parthian Tactics
54:41 Hand Cart
54:12 Town Watch
55:32 Gold Shaft Mining
54:43 Horse Collar
55:16 Fletching
General
5:05 Loom
16:23 Feudal Age
18:19 Wheelbarrow
17:34 Double-Bit Axe
18:22 Stone Mining
19:34 Horse Collar
22:02 Gold Mining
22:15 Man-at-Arms
23:34 Fletching
23:55 Forging
23:51 Scale Barding Armor
28:59 Castle Age
29:44 Long Swordsman
29:44 Pikeman
29:49 Crossbowman
30:36 Bodkin Arrow
32:12 Gambesons
34:22 Gold Shaft Mining
41:21 Imperial Age
39:35 Husbandry
43:24 Two-Handed Swordsman
46:20 Halberdier
48:26 Heavy Plow
50:09 Arbalester
53:37 Champion
54:53 Squires
cobraX
13:34 Double-Bit Axe
18:59 Feudal Age
17:46 Horse Collar
18:00 Gold Mining
23:36 Castle Age
21:54 Forging
22:39 Scale Barding Armor
33:21 Wheelbarrow
32:53 Heavy Plow
32:38 Man-at-Arms
35:37 Chain Barding Armor
36:03 Iron Casting
42:04 Imperial Age
40:08 Hand Cart
40:50 Fletching
41:45 Gold Shaft Mining
43:05 Pikeman
43:48 Cavalier
55:59 Halberdier
56:44 Scale Mail Armor
VamP
23:31 Feudal Age
22:09 Loom
26:35 Gold Mining
33:26 Castle Age
33:13 Forging
36:12 Stone Mining
36:58 Gold Shaft Mining
42:51 Imperial Age
40:39 Pikeman
43:08 Iron Casting
42:36 Scale Mail Armor
45:10 Squires
47:47 Cavalier
48:32 Husbandry
54:16 Chain Mail Armor
55:04 Blast Furnace
54:10 Scale Barding Armor
53:31 Halberdier
54:00 Arson
Nougatspeier
15:14 Feudal Age
13:55 Loom
22:13 Castle Age
22:50 Forging
22:46 Scale Barding Armor
28:31 Pikeman
53:49 Imperial Age
53:31 Horse Collar
54:01 Cavalier
55:39 Husbandry
55:51 Bloodlines
56:00 Heavy Plow
Marian
5:52 Loom
16:58 Feudal Age
17:25 Horse Collar
17:33 Double-Bit Axe
22:41 Wheelbarrow
25:00 Castle Age
24:07 Bloodlines
27:46 Hand Cart
28:44 Husbandry
28:05 Light Cavalry
28:53 Marauders
33:17 Scale Barding Armor
40:47 Imperial Age
41:49 Chain Barding Armor
41:42 Forging
44:17 Iron Casting
44:19 Bow Saw
44:01 Gold Mining
44:02 Stone Mining
Connection lost

Rejoining the realm…

Still unreachable

The connection could not be restored.

Session expired

The server has moved on; the page needs a fresh start.